 Dungeon Crawl Stone Soup version 0.25-a0-589-g1e14c549ee (webtiles) character file.

Game seed: 8765331328088800213, levelgen mode: deterministic

144 ReteAZ the Insei (level 5, -3/43 HPs)
             Began as a Gnoll Gladiator on Mar 13, 2020.
             Was an Initiate of Makhleb.
             Killed by nerve-wracking pain
             ... invoked by Grinder
              (9 damage)
             ... on level 2 of the Dungeon.
             The game lasted 00:03:34 (2671 turns).

ReteAZ the Insei (Gnoll Gladiator)                  Turns: 2671, Time: 00:03:35

Health: -3/43      AC:  6    Str: 17    XL:     5   Next: 26%
Magic:  7/7        EV: 16    Int: 10    God:    Makhleb [......]
Gold:   174        SH:  0    Dex: 17    Spells: 6/6 levels left

rFire    . . .     SeeInvis .     - Unarmed
rCold    . . .     Gourm    .   (no shield)
rNeg     . . .     Faith    .   x - +2 animal skin
rPois    .         Spirit   .   b - +0 helmet
rElec    .         Reflect  .   m - +0 cloak
rCorr    .         Harm     .   (no gloves)
MR       .....                  (no boots)
Stlth    ++........             (no amulet)
HPRegen  0.14/turn              (no ring)
MPRegen  0.10/turn              (no ring)

@: no status effects
A: distributed training, fangs 1, strong nose
a: Renounce Religion


You were on level 2 of the Dungeon.
You worshipped Makhleb.
Makhleb was noncommittal.
You were not hungry.

You visited 1 branch of the dungeon, and saw 4 of its levels.

You collected 174 gold pieces.

Inventory:

Hand Weapons
 f - a +3 dagger
Missiles
 t - 5 atropa-tipped darts
 w - 4 boomerangs (quivered)
Armour
 a - a +0 leather armour
 b - a +0 helmet (worn)
 m - a +0 cloak (worn)
 x - a +2 animal skin (worn)
Scrolls
 h - a scroll of blinking
 i - 3 scrolls of identify
 j - a scroll of enchant weapon {unknown}
 k - a scroll of remove curse
 l - a scroll of fear {unknown}
 o - a scroll of amnesia {unknown}
 p - 2 scrolls of fog {unknown}
 q - a scroll of immolation {unknown}
Potions
 e - a potion of brilliance {unknown}
 g - a potion of haste
 n - a potion of ambrosia {unknown}
 r - a potion of degeneration {unknown}
 s - 2 potions of curing {unknown}
 u - a potion of lignification {unknown}
Comestibles
 d - 6 rations
 v - 4 chunks of flesh


   Skills:
 + Level 4.7 Fighting
 + Level 1.4 Short Blades
 + Level 1.4 Long Blades
 + Level 1.4 Axes
 + Level 1.4 Maces & Flails
 + Level 1.4 Polearms
 + Level 1.4 Staves
 + Level 1.4 Slings
 + Level 1.4 Bows
 + Level 1.4 Crossbows
 + Level 4.7 Throwing
 + Level 1.4 Armour
 + Level 6.6 Dodging
 + Level 1.4 Stealth
 + Level 1.4 Shields
 + Level 6.6 Unarmed Combat
 + Level 1.4 Spellcasting
 + Level 1.1 Conjurations
 + Level 1.1 Hexes
 + Level 1.1 Charms
 + Level 1.1 Summonings
 + Level 1.1 Necromancy
 + Level 1.1 Translocations
 + Level 1.1 Transmutations
 + Level 1.1 Fire Magic
 + Level 1.1 Ice Magic
 + Level 1.1 Air Magic
 + Level 1.1 Earth Magic
 + Level 1.1 Poison Magic
 + Level 1.5 Invocations
 + Level 1.4 Evocations


You had 6 spell levels left.
You didn't know any spells.
Your spell library was empty.

Dungeon Overview and Level Annotations

Branches:
Dungeon (4/15)
 Temple: D:4-7

Altars:
Ashenzari
Gozag
Makhleb
Ru
Trog
The Shining One

Annotations:
D:2 2 transporters, Grinder


Innate Abilities, Weirdness & Mutations

Your experience applies equally to all skills.
You have very sharp teeth.
Your uncanny sense of smell can sniff out nearby items.


Message History

Grinder is severely wounded.
You hit Grinder.
Grinder is almost dead.
Grinder hits you!
* * * LOW HITPOINT WARNING * * *
You writhe in agony.
* * * LOW HITPOINT WARNING * * *
Fire/throw which item? (* to show all) (? for menu, Esc to quit)
Throwing (i - inventory. (/) - cycle)
w - 4 boomerangs (quivered)
Press: ? - help, Shift-Dir - straight line, f/p - Grinder
Aim: Grinder (almost dead)
You throw a throwing net. The throwing net hits Grinder.
Grinder is caught in the net!
Grinder is almost dead.
Grinder struggles against the net.
You hit Grinder but do no damage.
Grinder is almost dead.
Grinder gestures at you. Pain shoots through your body!
You die...

###########
......<...#
#########.# ###
############
########..........#
...........>(.....#
########........@.#
#### #..........5#
...# #.###########
##.####.# #......#
####...# ##.#.##
#..#..### #.###...#


You could see Grinder (caught).

Vanquished Creatures
  Robin (D:2)
  2 gnolls (D:1)
  3 adders (D:2)
  3 oozes
  6 bats
  6 giant cockroaches
  12 goblins
  10 hobgoblins
  3 jackals (D:1)
  7 kobolds
  3 quokkas
  4 frilled lizards
  11 rats
71 creatures vanquished.

Notes
Turn   | Place    | Note
-------+----------+-------------------------------------------
     0 | D:1      | ReteAZ the Gnoll Gladiator began the quest for the Orb.
     0 | D:1      | Reached XP level 1. HP: 20/20 MP: 1/1
    34 | D:1      | Reached XP level 2. HP: 24/26 MP: 2/2
   277 | D:1      | Reached XP level 3. HP: 30/31 MP: 3/3
   567 | D:1      | Reached skill level 1 in Invocations
   953 | D:1      | Reached skill level 1 in Short Blades
   953 | D:1      | Reached skill level 1 in Long Blades
   953 | D:1      | Reached skill level 1 in Axes
   953 | D:1      | Reached skill level 1 in Maces & Flails
   953 | D:1      | Reached skill level 1 in Polearms
   953 | D:1      | Reached skill level 1 in Staves
   953 | D:1      | Reached skill level 1 in Slings
   953 | D:1      | Reached skill level 1 in Bows
   953 | D:1      | Reached skill level 1 in Crossbows
   953 | D:1      | Reached skill level 1 in Armour
   953 | D:1      | Reached skill level 1 in Stealth
   953 | D:1      | Reached skill level 1 in Shields
   953 | D:1      | Reached skill level 1 in Spellcasting
   953 | D:1      | Reached skill level 1 in Evocations
   953 | D:1      | Reached XP level 4. HP: 38/38 MP: 5/5
  1032 | D:2      | Found an opulent altar of Gozag.
  1184 | D:2      | Reached skill level 1 in Conjurations
  1184 | D:2      | Reached skill level 1 in Hexes
  1184 | D:2      | Reached skill level 1 in Charms
  1184 | D:2      | Reached skill level 1 in Summonings
  1184 | D:2      | Reached skill level 1 in Necromancy
  1184 | D:2      | Reached skill level 1 in Translocations
  1184 | D:2      | Reached skill level 1 in Transmutations
  1184 | D:2      | Reached skill level 1 in Fire Magic
  1184 | D:2      | Reached skill level 1 in Ice Magic
  1184 | D:2      | Reached skill level 1 in Air Magic
  1184 | D:2      | Reached skill level 1 in Earth Magic
  1184 | D:2      | Reached skill level 1 in Poison Magic
  1220 | D:2      | Found a bloodstained altar of Trog.
  1221 | D:2      | Found a transporter.
  1232 | D:2      | Found a transporter.
  1740 | D:3      | Found a sacrificial altar of Ru.
  1886 | D:3      | Noticed Grinder
  1895 | D:3      | Noticed Robin
  1907 | D:4      | Found a shattered altar of Ashenzari.
  2035 | D:4      | Found a burning altar of Makhleb.
  2051 | D:4      | Became a worshipper of Makhleb the Destroyer
  2111 | D:3      | Reached XP level 5. HP: 39/43 MP: 6/6
  2170 | D:3      | Found a glowing golden altar of the Shining One.
  2297 | D:2      | Killed Robin
  2671 | D:2      | Killed from afar by Grinder

Levels and vault maps discovered:
D:1:      onia_arrival_larder, layout_loops_ring
D:2:      layout_rooms, gammafunk_temple_overflow_arena, old_standard_altar,
          first_ration
D:3:      layout_loops_corners, lemuel_coloured_pillars_altar,
          overflow_temple_1_default, uniq_grinder, uniq_robin
D:4:      layout_cave_pods, lemuel_doored_altar, ashenzari_altar_1,
          minmay_temple_entry_glassed_door, portal_sewer_entry_b, minivault_24

Skill      XL: |  1  2  3  4 |
---------------+-------------+-----
Invocations    | 1 |  1.5
Short Blades   | 1 |  1.4
Long Blades    | 1 |  1.4
Axes           | 1 |  1.4
Maces & Flails | 1 |  1.4
Polearms       | 1 |  1.4
Staves         | 1 |  1.4
Slings         | 1 |  1.4
Bows           | 1 |  1.4
Crossbows      | 1 |  1.4
Armour         | 1 |  1.4
Stealth        | 1 |  1.4
Shields        | 1 |  1.4
Spellcasting   | 1 |  1.4
Evocations     | 1 |  1.4
Conjurations   | 1 |  1.1
Hexes          | 1 |  1.1
Charms         | 1 |  1.1
Summonings     | 1 |  1.1
Necromancy     | 1 |  1.1
Translocations | 1 |  1.1
Transmutations | 1 |  1.1
Fire Magic     | 1 |  1.1
Ice Magic      | 1 |  1.1
Air Magic      | 1 |  1.1
Earth Magic    | 1 |  1.1
Poison Magic   | 1 |  1.1
Fighting       | |  4.7
Throwing       | |  4.7
Dodging        | |  6.6
Unarmed Combat | |  6.6

Action                   |  1- 3 |  4- 6 || total
-------------------------+-------+-------++-------
Melee: Unarmed           |    93 |    89 ||   182
       Bite              |    14 |    12 ||    26
       Punch             |     2 |     3 ||     5
       Long sword        |       |    21 ||    21
Throw: Throwing net      |       |     3 ||     3
  Use: Scroll            |       |     3 ||     3
 Stab: Sleeping          |     4 |     4 ||     8
       Distracted        |       |     1 ||     1
  Eat: Chunk             |       |     6 ||     6
Armor: Leather armour    |    18 |    23 ||    41
       Animal skin       |       |     6 ||     6
Dodge: Dodged            |    47 |    81 ||   128
       Rpst.: Long sword |       |     9 ||     9

Table legend:
 A = Non-vault XP
 B = Vault XP
 C = Vault XP percentage of total XP
 D = Non-vault monster count
 E = Vault monster count
 F = Vault count percentage of total count
                 A         B        C        D         E       F
            +---------+---------+-------+---------+---------+-------
      Total |     161 |      45 |  21.8 |      52 |      19 |  26.8
            +---------+---------+-------+---------+---------+-------
        D:1 |      71 |      11 |  13.4 |      24 |       8 |  25.0
        D:2 |      69 |      15 |  17.9 |      18 |       1 |   5.3
        D:3 |      21 |      16 |  43.2 |      10 |       8 |  44.4
        D:4 |       0 |       3 | 100.0 |       0 |       2 | 100.0
            +---------+---------+-------+---------+---------+-------
